TOP OF THE 1ST |
---|
Seattle Rainiers batting - Pitching for Eau Claire Esquires : LHP Gabriel Acevedo | Pitching: LHP Gabriel Acevedo | | Batting: RHB Roberto Casas | 0-0: Foul Ball, location: 2F 0-1: Ball 1-1: Swinging Strike 1-2: Ball 2-2: Strikes out looking | Batting: LHB David Hernández | 0-0: Fly out, F9 (Flyball, 9LD) | Batting: RHB Jesús Ortíz | 0-0: Ball 1-0: Called Strike 1-1: Ball 2-1: Called Strike 2-2: Foul Ball, location: 2F 2-2: Foul Ball, location: 2F 2-2: SINGLE (Groundball, 56D) | Batting: RHB Juan Bruno | 0-0: Ball 1-0: Ball 2-0: Swinging Strike 2-1: Foul Ball, location: 2F 2-2: Ball Jesús Ortíz steals 2nd base 3-2: Strikes out swinging | Top of the 1st over - 0 runs, 1 hit, 0 errors, 1 left on base; Seattle 0 - Eau Claire 0 | BOTTOM OF THE 1ST |
---|
Eau Claire Esquires batting - Pitching for Seattle Rainiers : RHP Ángel Estrada | Pitching: RHP Ángel Estrada | | Batting: RHB Jason Smith | 0-0: Ball 1-0: Ball 2-0: SINGLE (Groundball, 6MD) | Batting: RHB Art Cornell | 0-0: Foul Ball, location: 2F 0-1: Foul Ball, location: 2F 0-2: Ball Jason Smith is caught stealing 2nd base 1-2: Ball 2-2: Strikes out swinging | Batting: RHB Gary Roberts | 0-0: Called Strike 0-1: Ball 1-1: Ground out 4-3 (Groundball, 4) | Bottom of the 1st over - 0 runs, 1 hit, 0 errors, 0 left on base; Seattle 0 - Eau Claire 0 | TOP OF THE 2ND |
---|
Seattle Rainiers batting - Pitching for Eau Claire Esquires : LHP Gabriel Acevedo | Batting: LHB Darren Cook | 0-0: Ball 1-0: Foul Ball, location: 2F 1-1: Called Strike 1-2: Ground out 6-3 (Groundball, 6) | Batting: RHB John Eaves | 0-0: Called Strike 0-1: Foul Ball, location: 2F 0-2: Strikes out swinging | Batting: RHB Chad Battle | 0-0: Ball 1-0: Ball 2-0: Ball 3-0: Base on Balls | Batting: SHB Dwight Hill | 0-0: Fly out, F9 (Flyball, 9S) | Top of the 2nd over - 0 runs, 0 hits, 0 errors, 1 left on base; Seattle 0 - Eau Claire 0 | BOTTOM OF THE 2ND |
---|
Eau Claire Esquires batting - Pitching for Seattle Rainiers : RHP Ángel Estrada | Batting: LHB Steve Arnold | 0-0: Ball 1-0: Foul Ball, location: 2F 1-1: Ground out 4-3 (Groundball, 4S) | Batting: RHB Luis Cherena | 0-0: Ball 1-0: Foul Ball, location: 2F 1-1: TRIPLE (Flyball, 89XD) | Batting: RHB Jonathan Jackson | 0-0: Ball 1-0: Called Strike 1-1: Ball 2-1: Ball 3-1: DOUBLE (Line Drive, 89XD) Luis Cherena scores | Batting: RHB Vincente Ramírez | 0-0: Ball 1-0: Ball 2-0: Ball 3-0: Base on Balls | Batting: RHB Matt Cole | 0-0: Ball 1-0: Called Strike 1-1: Swinging Strike 1-2: Foul Ball, location: 2F 1-2: Strikes out swinging | Batting: RHB Nick McIntyre | 0-0: Ball 1-0: Ground out U3 (Groundball, 34) | Bottom of the 2nd over - 1 run, 2 hits, 0 errors, 2 left on base; Seattle 0 - Eau Claire 1 | TOP OF THE 3RD |
---|
Seattle Rainiers batting - Pitching for Eau Claire Esquires : LHP Gabriel Acevedo | Batting: RHB Cal Cox | 0-0: Ball 1-0: Ball 2-0: Ground out 6-3 (Groundball, 6) | Batting: RHB Roberto Casas | 0-0: Ball 1-0: Foul Ball, location: 2F 1-1: Swinging Strike 1-2: Strikes out swinging | Batting: LHB David Hernández | 0-0: Ball 1-0: Foul Ball, location: 2F 1-1: Foul Ball, location: 2F 1-2: Ball 2-2: SINGLE (Groundball, 3D) | Batting: RHB Jesús Ortíz | 0-0: Called Strike 0-1: SINGLE (Groundball, 56D) David Hernández to second | Batting: RHB Juan Bruno | 0-0: Ball 1-0: Ball 2-0: Called Strike 2-1: SINGLE (Groundball, 34D) David Hernández to third Jesús Ortíz to second Runner from 3rd tries for Home, throw and OUT! | Top of the 3rd over - 0 runs, 3 hits, 0 errors, 2 left on base; Seattle 0 - Eau Claire 1 | BOTTOM OF THE 3RD |
---|
Eau Claire Esquires batting - Pitching for Seattle Rainiers : RHP Ángel Estrada | Batting: RHB Jason Smith | 0-0: Called Strike 0-1: Ball 1-1: Swinging Strike 1-2: Ball 2-2: Foul Ball, location: 2F 2-2: Foul Ball, location: 2F 2-2: Strikes out swinging | Batting: RHB Art Cornell | 0-0: Called Strike 0-1: Ball 1-1: Foul Ball, location: 2F 1-2: Strikes out swinging | Batting: RHB Gary Roberts | 0-0: Foul Ball, location: 2F 0-1: Called Strike 0-2: Foul Ball, location: 2F 0-2: Foul Ball, location: 2F 0-2: Foul Ball, location: 2F 0-2: SINGLE (Line Drive, 89S) | Batting: LHB Steve Arnold | 0-0: Ball Balk! Gary Roberts to second 1-0: Foul Ball, location: 2F 1-1: Ball 2-1: Ball 3-1: Foul Ball, location: 2F 3-2: Foul Ball, location: 2F 3-2: Base on Balls | Batting: RHB Luis Cherena | 0-0: Ball 1-0: Foul Ball, location: 2F 1-1: Ball 2-1: Foul Ball, location: 2F 2-2: Ball 3-2: Base on Balls Gary Roberts to third Steve Arnold to second | Batting: RHB Jonathan Jackson | 0-0: Ball 1-0: Called Strike 1-1: SINGLE (Flyball, 8RS) Gary Roberts scores Steve Arnold to third Luis Cherena to second Runner from 3rd tries for Home, SAFE, no throw | Batting: RHB Vincente Ramírez | 0-0: Called Strike 0-1: Ball 1-1: Ball 2-1: Ball 3-1: Base on Balls Luis Cherena to third Jonathan Jackson to second | Batting: RHB Matt Cole | 0-0: Called Strike 0-1: Ball 1-1: Ball 2-1: Ground out 4-3 (Groundball, 4S) | Bottom of the 3rd over - 2 runs, 2 hits, 0 errors, 3 left on base; Seattle 0 - Eau Claire 3 | TOP OF THE 4TH |
---|
Seattle Rainiers batting - Pitching for Eau Claire Esquires : LHP Gabriel Acevedo | Batting: LHB Darren Cook | 0-0: Ball 1-0: Swinging Strike 1-1: Ball 2-1: Ground out 4-3 (Groundball, 4) | Batting: RHB John Eaves | 0-0: Foul Ball, location: 2F 0-1: Foul Ball, location: 2F 0-2: Ground out 6-3 (Groundball, 6) | Batting: RHB Chad Battle | 0-0: Ball 1-0: SOLO HOME RUN (Flyball, 78XD), Distance : 380 ft | Batting: SHB Dwight Hill | 0-0: Called Strike 0-1: Reached on error, E6 (Groundball, 6S) | Batting: RHB Cal Cox | 0-0: Called Strike 0-1: Ball 1-1: DOUBLE (Line Drive, 78D) Dwight Hill to third Runner from 3rd tries for Home, SAFE, no throw | Batting: RHB Roberto Casas | 0-0: Foul Ball, location: 2F 0-1: Foul Ball, location: 2F 0-2: Foul Ball, location: 2F 0-2: Ball Wild Pitch! Cal Cox to third 1-2: Foul Ball, location: 2F 1-2: Fly out, F8 (Flyball, 8LD) | Top of the 4th over - 2 runs, 2 hits, 1 error, 1 left on base; Seattle 2 - Eau Claire 3 | BOTTOM OF THE 4TH |
---|
Eau Claire Esquires batting - Pitching for Seattle Rainiers : RHP Ángel Estrada | Batting: RHB Nick McIntyre | 0-0: Called Strike 0-1: Ball 1-1: Foul Ball, location: 2F 1-2: Foul Ball, location: 2F 1-2: Strikes out swinging | Batting: RHB Jason Smith | 0-0: Ball 1-0: Foul Ball, location: 2F 1-1: Swinging Strike 1-2: Strikes out swinging | Batting: RHB Art Cornell | 0-0: Ball 1-0: Ground out 6-3 (Groundball, 6D) | Bottom of the 4th over - 0 runs, 0 hits, 0 errors, 0 left on base; Seattle 2 - Eau Claire 3 | TOP OF THE 5TH |
---|
Seattle Rainiers batting - Pitching for Eau Claire Esquires : LHP Gabriel Acevedo | Batting: LHB David Hernández | 0-0: Ball 1-0: SINGLE (Groundball, 6MD) | Batting: RHB Jesús Ortíz | 0-0: Called Strike 0-1: Called Strike 0-2: Ball 1-2: Ball 2-2: Foul Ball, location: 2F 2-2: Foul Ball, location: 2F 2-2: Fly out, F4 (Line Drive, 4) | Batting: RHB Juan Bruno | 0-0: Fly out, F8 (Flyball, 89D) | Batting: LHB Darren Cook | 0-0: Called Strike 0-1: Foul Ball, location: 2F 0-2: Ball 1-2: Ball 2-2: Reached on error, E5 (Groundball, 5) David Hernández to second | Batting: RHB John Eaves | 0-0: Fly out, F9 (Flyball, 9D) | Top of the 5th over - 0 runs, 1 hit, 1 error, 2 left on base; Seattle 2 - Eau Claire 3 | BOTTOM OF THE 5TH |
---|
Eau Claire Esquires batting - Pitching for Seattle Rainiers : RHP Ángel Estrada | Batting: RHB Gary Roberts | 0-0: Called Strike 0-1: Called Strike 0-2: SINGLE (Line Drive, 78M) | Batting: LHB Steve Arnold | 0-0: Called Strike 0-1: Foul Ball, location: 2F 0-2: Grounds into double play, 6-4-3 (Groundball, 6) | Batting: RHB Luis Cherena | 0-0: Ball 1-0: Swinging Strike 1-1: Swinging Strike 1-2: Strikes out swinging | Bottom of the 5th over - 0 runs, 1 hit, 0 errors, 0 left on base; Seattle 2 - Eau Claire 3 | TOP OF THE 6TH |
---|
Seattle Rainiers batting - Pitching for Eau Claire Esquires : LHP Gabriel Acevedo | Pitching: LHP Mike Barr | | Batting: RHB Chad Battle | 0-0: Ball 1-0: Ball 2-0: Ball 3-0: Called Strike 3-1: Swinging Strike 3-2: Base on Balls | Batting: SHB Dwight Hill | 0-0: Ball 1-0: Ball 2-0: Ball 3-0: Base on Balls Chad Battle to second | Batting: RHB Cal Cox | 0-0: Ball 1-0: Foul Ball, location: 2F 1-1: Fly out, F8 (Flyball, 78D) | Batting: RHB Roberto Casas | 0-0: Ball 1-0: Fly out, F8 (Flyball, 8LD) Runner from 2nd tags up, SAFE at 3rd with throw | Batting: LHB David Hernández | 0-0: Foul Ball, location: 2F 0-1: Ball 1-1: Called Strike 1-2: Ball 2-2: Foul Ball, location: 2F 2-2: Ball 3-2: Fly out, F7 (Flyball, 78M) | Top of the 6th over - 0 runs, 0 hits, 0 errors, 2 left on base; Seattle 2 - Eau Claire 3 | BOTTOM OF THE 6TH |
---|
Eau Claire Esquires batting - Pitching for Seattle Rainiers : RHP Ángel Estrada | Pitching: LHP Nick Thornton | | Batting: RHB Jonathan Jackson | 0-0: Ground out 5-3 (Groundball, 56) | Batting: RHB Vincente Ramírez | 0-0: Ball 1-0: Foul Ball, location: 2F 1-1: Ball 2-1: Ball 3-1: Base on Balls | Batting: RHB Matt Cole | 0-0: Called Strike 0-1: Ball 1-1: Swinging Strike 1-2: Grounds into double play, 6-4-3 (Groundball, 6) | Bottom of the 6th over - 0 runs, 0 hits, 0 errors, 0 left on base; Seattle 2 - Eau Claire 3 | TOP OF THE 7TH |
---|
Seattle Rainiers batting - Pitching for Eau Claire Esquires : LHP Mike Barr | Batting: RHB Jesús Ortíz | 0-0: Called Strike 0-1: Ball 1-1: SINGLE (Groundball, 34D) | Batting: RHB Juan Bruno | 0-0: Ball 1-0: Called Strike 1-1: Ball 2-1: Ball 3-1: Called Strike 3-2: Foul Ball, location: 2F 3-2: Foul Ball, location: 2F 3-2: Strikes out swinging | Pinch Hitting: RHB Steve Smith | 0-0: Foul Ball, location: 2F 0-1: Swinging Strike 0-2: Fly out, F7 (Flyball, 7S) | Batting: RHB John Eaves | 0-0: Called Strike 0-1: Ball 1-1: DOUBLE (Groundball, 3L) Jesús Ortíz to third Runner from 3rd tries for Home, SAFE, no throw | Batting: RHB Chad Battle | 0-0: Fly out, F7 (Flyball, 7) | Top of the 7th over - 1 run, 2 hits, 0 errors, 1 left on base; Seattle 3 - Eau Claire 3 | BOTTOM OF THE 7TH |
---|
Eau Claire Esquires batting - Pitching for Seattle Rainiers : LHP Nick Thornton | Now at 2B: Larry Storms | | Pinch Hitting: RHB Juan Martínez | 0-0: Ball 1-0: Foul Ball, location: 2F 1-1: Ball 2-1: Ball 3-1: Base on Balls | Batting: RHB Jason Smith | 0-0: Called Strike 0-1: Called Strike 0-2: Strikes out looking | Batting: RHB Art Cornell | 0-0: Ball 1-0: Fly out, F9 (Flyball, 8RS) | Batting: RHB Gary Roberts | 0-0: Called Strike 0-1: Called Strike 0-2: Foul Ball, location: 2F 0-2: Strikes out swinging | Bottom of the 7th over - 0 runs, 0 hits, 0 errors, 1 left on base; Seattle 3 - Eau Claire 3 | TOP OF THE 8TH |
---|
Seattle Rainiers batting - Pitching for Eau Claire Esquires : LHP Mike Barr | Now at 1B: Juan Martínez | | Pinch Hitting: RHB José Rosales | 0-0: Called Strike 0-1: Called Strike 0-2: Ground out 1-3 (Groundball, P) | Pinch Hitting: RHB Lionel Pona | 0-0: Foul Ball, location: 2F 0-1: Ball 1-1: Ball 2-1: Fly out, F9 (Flyball, 9LM) | Batting: RHB Roberto Casas | 0-0: Called Strike 0-1: Foul Ball, location: 2F 0-2: Foul Ball, location: 2F 0-2: Ball 1-2: Ball 2-2: Foul Ball, location: 2F 2-2: Ball 3-2: SINGLE (Flyball, 78S) | Batting: LHB David Hernández | 0-0: Ball Roberto Casas is caught stealing 2nd base | Top of the 8th over - 0 runs, 1 hit, 0 errors, 0 left on base; Seattle 3 - Eau Claire 3 | BOTTOM OF THE 8TH |
---|
Eau Claire Esquires batting - Pitching for Seattle Rainiers : LHP Nick Thornton | Now at 1B: José Rosales | | Now in LF: Ramón Ramírez | | Pinch Hitting: RHB Jonathan Reynolds | 0-0: Called Strike 0-1: Ball 1-1: Fly out, F7 (Flyball, 7) | Batting: RHB Luis Cherena | 0-0: Ground out 6-3 (Groundball, 56) | Batting: RHB Jonathan Jackson | 0-0: Ball 1-0: Called Strike 1-1: Swinging Strike 1-2: Ball 2-2: Reached on error, E6 (Groundball, 6) | Batting: RHB Vincente Ramírez | 0-0: Ball 1-0: Ground out 4-3 (Groundball, 4MD) | Bottom of the 8th over - 0 runs, 0 hits, 1 error, 1 left on base; Seattle 3 - Eau Claire 3 | TOP OF THE 9TH |
---|
Seattle Rainiers batting - Pitching for Eau Claire Esquires : LHP Mike Barr | Pitching: RHP Sam Faulkner | | Now in CF: Jonathan Reynolds | | Batting: LHB David Hernández | 0-0: Called Strike 0-1: Ball 1-1: Foul Ball, location: 2F 1-2: Foul Ball, location: 2F 1-2: Ball 2-2: Ground out 4-3 (Groundball, 4) | Batting: RHB Jesús Ortíz | 0-0: Ball 1-0: Foul Ball, location: 2F 1-1: Hit by Pitch | Pinch Hitting: SHB Vicente Pagán | 0-0: Called Strike 0-1: Ball 1-1: Ball 2-1: Foul Ball, location: 2F 2-2: Strikes out swinging | Pinch Hitting: LHB Pedro Camacho | 0-0: Ball 1-0: Ball 2-0: Ball 3-0: Called Strike 3-1: Foul Ball, location: 2F 3-2: Fly out, F7 (Flyball, 78M) | Top of the 9th over - 0 runs, 0 hits, 0 errors, 1 left on base; Seattle 3 - Eau Claire 3 | BOTTOM OF THE 9TH |
---|
Eau Claire Esquires batting - Pitching for Seattle Rainiers : LHP Nick Thornton | Pitching: LHP Vicente Mojica | | Now at 2B: Roger Lamb | | Now in CF: Pedro Camacho | | Batting: RHB Matt Cole | 0-0: Ball 1-0: Ball 2-0: Called Strike 2-1: Foul Ball, location: 2F 2-2: DOUBLE (Groundball, 5L) | Batting: RHB Juan Martínez | 0-0: Intentional Walk | Batting: RHB Jason Smith | 0-0: Called Strike 0-1: Ball 1-1: Bunted foul 1-2: Hit by Pitch Matt Cole to third Juan Martínez to second | Batting: RHB Art Cornell | 0-0: Ball 1-0: Swinging Strike 1-1: Foul Ball, location: 2F 1-2: Grounds into double play, 4-2-3 (Groundball, 34) Juan Martínez to third Jason Smith to second | Batting: RHB Gary Roberts | 0-0: Called Strike 0-1: Called Strike 0-2: Ball 1-2: Ball 2-2: Strikes out swinging | Bottom of the 9th over - 0 runs, 1 hit, 0 errors, 2 left on base; Seattle 3 - Eau Claire 3 | TOP OF THE 10TH |
---|
Seattle Rainiers batting - Pitching for Eau Claire Esquires : RHP Sam Faulkner | Batting: RHB John Eaves | 0-0: Called Strike 0-1: Foul Ball, location: 2F 0-2: Ground out 4-3 (Groundball, 34) | Pinch Hitting: LHB Arnold Bernard | 0-0: Called Strike 0-1: Fly out, F7 (Flyball, 78S) | Batting: RHB José Rosales | 0-0: Ball 1-0: SINGLE (Groundball, 4MD) | Pinch Runner at 1st Manuel Duarte: | | Batting: LHB Ramón Ramírez | 0-0: Called Strike 0-1: Ball 1-1: Ball 2-1: Foul Ball, location: 2F 2-2: Strikes out swinging | Top of the 10th over - 0 runs, 1 hit, 0 errors, 1 left on base; Seattle 3 - Eau Claire 3 | BOTTOM OF THE 10TH |
---|
Eau Claire Esquires batting - Pitching for Seattle Rainiers : LHP Vicente Mojica | Now at C: Roberto Valentín | | Now in RF: Arnold Bernard | | Batting: RHB Jonathan Reynolds | 0-0: Foul Ball, location: 2F 0-1: Swinging Strike 0-2: Ball 1-2: Ball 2-2: Strikes out swinging | Batting: RHB Luis Cherena | 0-0: Ball 1-0: Called Strike 1-1: Ball 2-1: Ball 3-1: Foul Ball, location: 2F 3-2: Foul Ball, location: 2F 3-2: Foul Ball, location: 2F 3-2: SINGLE (Flyball, 7LM) | Batting: RHB Jonathan Jackson | 0-0: Hit by Pitch Luis Cherena to second | Batting: RHB Vincente Ramírez | 0-0: Called Strike 0-1: Foul Ball, location: 2F 0-2: Ball 1-2: Strikes out swinging | Batting: RHB Matt Cole | 0-0: Fly out, F8 (Flyball, 89M) | Bottom of the 10th over - 0 runs, 1 hit, 0 errors, 2 left on base; Seattle 3 - Eau Claire 3 | TOP OF THE 11TH |
---|
Seattle Rainiers batting - Pitching for Eau Claire Esquires : RHP Sam Faulkner | Batting: RHB Roberto Casas | 0-0: Called Strike 0-1: Ball 1-1: Called Strike 1-2: Strikes out swinging | Batting: LHB David Hernández | 0-0: Swinging Strike 0-1: Ball 1-1: Ball 2-1: Ground out 4-3 (Groundball, 34) | Batting: RHB Jesús Ortíz | 0-0: Called Strike 0-1: Fly out, F9 (Flyball, 9LS) | Top of the 11th over - 0 runs, 0 hits, 0 errors, 0 left on base; Seattle 3 - Eau Claire 3 | BOTTOM OF THE 11TH |
---|
Eau Claire Esquires batting - Pitching for Seattle Rainiers : LHP Vicente Mojica | Pitching: RHP José Rivera | | Batting: RHB Juan Martínez | 0-0: Foul Ball, location: 2F 0-1: Ball 1-1: Swinging Strike 1-2: Strikes out swinging | Batting: RHB Jason Smith | 0-0: Called Strike 0-1: Ball 1-1: Swinging Strike 1-2: Ball 2-2: Strikes out swinging | Pinch Hitting: RHB Edgardo Morales | 0-0: Ball 1-0: Called Strike 1-1: Ball 2-1: Ball 3-1: Fly out, F9 (Flyball, 89D) | Bottom of the 11th over - 0 runs, 0 hits, 0 errors, 0 left on base; Seattle 3 - Eau Claire 3 | TOP OF THE 12TH |
---|
Seattle Rainiers batting - Pitching for Eau Claire Esquires : RHP Sam Faulkner | Now in RF: Edgardo Morales | | Pinch Hitting: LHB Pedro Palliagua | 0-0: Swinging Strike 0-1: Ball 1-1: Ball 2-1: Swinging Strike 2-2: Strikes out swinging | Batting: LHB Pedro Camacho | 0-0: Foul Ball, location: 2F 0-1: Called Strike 0-2: Ball 1-2: Strikes out swinging | Batting: RHB John Eaves | 0-0: Ball 1-0: Ground out 6-3 (Groundball, 6) | Top of the 12th over - 0 runs, 0 hits, 0 errors, 0 left on base; Seattle 3 - Eau Claire 3 | BOTTOM OF THE 12TH |
---|
Eau Claire Esquires batting - Pitching for Seattle Rainiers : RHP José Rivera | Now at 2B: Pedro Palliagua | | Batting: RHB Gary Roberts | 0-0: Ball 1-0: Fly out, F9 (Flyball, 9S) | Batting: RHB Jonathan Reynolds | 0-0: Called Strike 0-1: Foul Ball, location: 2F 0-2: Strikes out swinging | Batting: RHB Luis Cherena | 0-0: Ball 1-0: Foul Ball, location: 2F 1-1: SINGLE (Groundball, 56D) | Batting: RHB Jonathan Jackson | 0-0: Called Strike 0-1: Ball 1-1: Ball 2-1: Ground out 2-3 (Groundball, 2R) | Bottom of the 12th over - 0 runs, 1 hit, 0 errors, 1 left on base; Seattle 3 - Eau Claire 3 | TOP OF THE 13TH |
---|
Seattle Rainiers batting - Pitching for Eau Claire Esquires : RHP Sam Faulkner | Batting: LHB Arnold Bernard | 0-0: Ball 1-0: Foul Ball, location: 2F 1-1: Ball 2-1: Called Strike 2-2: SOLO HOME RUN (Flyball, 7D), Distance : 356 ft | Batting: RHB Roberto Valentín | 0-0: Ball 1-0: Ground out 4-3 (Groundball, 4) | Batting: LHB Ramón Ramírez | 0-0: Ball 1-0: Foul Ball, location: 2F 1-1: Ground out 5-3 (Groundball, 56S) | Batting: RHB Roberto Casas | 0-0: Foul Ball, location: 2F 0-1: Ball 1-1: Ball 2-1: Foul Ball, location: 2F 2-2: Foul Ball, location: 2F 2-2: Foul Ball, location: 2F 2-2: Foul Ball, location: 2F 2-2: Strikes out swinging | Top of the 13th over - 1 run, 1 hit, 0 errors, 0 left on base; Seattle 4 - Eau Claire 3 | BOTTOM OF THE 13TH |
---|
Eau Claire Esquires batting - Pitching for Seattle Rainiers : RHP José Rivera | Now in RF: Jesús Vélez | | Batting: RHB Vincente Ramírez | 0-0: Foul Ball, location: 2F 0-1: Ball 1-1: Ball 2-1: Ground out U3 (Groundball, 3L) | Pinch Hitting: LHB Johnny Foley | 0-0: Ball 1-0: Called Strike 1-1: Foul Ball, location: 2F 1-2: Hit by Pitch | Batting: RHB Juan Martínez | 0-0: Called Strike 0-1: Ball 1-1: Ball 2-1: Ball 3-1: Swinging Strike 3-2: Strikes out swinging | Batting: RHB Jason Smith | Pickoff Throw to First - Out! | Bottom of the 13th over - 0 runs, 0 hits, 0 errors, 0 left on base; Seattle 4 - Eau Claire 3 | |